 Dungeon Crawl Stone Soup version 0.31-a0-43-g46d131a48f (webtiles) character file.

Game seed: 369343820553384994

86 Darius099 the Chopper (level 4, -2/40 HPs)
             Began as a Minotaur Fighter on May 18, 2023.
             Frozen to death by an endoplasm (4 damage)
             ... on level 3 of the Dungeon.
             The game lasted 00:04:28 (1152 turns).

Darius099 the Chopper (Minotaur Fighter)            Turns: 1152, Time: 00:04:29

Health: -2/40      AC:  8    Str: 22    XL:     4   Next: 27%
Magic:  3/3        EV:  9    Int:  5    God:
Gold:   134        SH:  4    Dex: 10    Spells: 3/3 levels left

rFire   . . .        a - +0 war axe
rCold   . . .        c - +0 buckler
rNeg    . . .        b - +0 scale mail
rPois   .            (helmet restricted)
rElec   .            (no cloak)
rCorr   .            g - +0 pair of gloves
SInv    .            (no boots)
Will    .....        (no amulet) Stlth
                     (no ring)
HPRegen 0.26/turn    (no ring)
MPRegen 0.08/turn

%: no passive effects
@: no status effects
A: horns 2, retaliatory headbutt
a: no special abilities


You were on level 3 of the Dungeon.
You visited 1 branch of the dungeon, and saw 3 of its levels.

You collected 134 gold pieces.

Inventory:

Hand Weapons
 a - a +0 war axe (weapon)
Missiles
 i - a throwing net (quivered)
Armour
 b - a +0 scale mail (worn)
 c - a +0 buckler (worn)
 g - a +0 pair of gloves (worn)
Jewellery
 l - a +6 ring of intelligence
Scrolls
 e - 2 scrolls of teleportation {unknown}
 f - a scroll of immolation {unknown}
 j - a scroll of enchant weapon {unknown}
 n - a scroll of identify {unknown}
 o - a scroll of torment {unknown}
Potions
 d - a potion of might
 h - a potion of degeneration {unknown}
 k - 2 potions of attraction {unknown}
 m - a potion of cancellation {unknown}


   Skills:
 - Level 4.0 Fighting
 + Level 4.6 Axes
 - Level 4.0 Armour
 - Level 4.0 Shields


You had 3 spell levels left.
You didn't know any spells.
Your spell library contained the following spells:

 Spells                   Type           Power      Damage    Failure   Level
 Sublimation of Blood     Necr           0%         N/A       94%         2
 Petrify                  Tmut/Erth      0%         N/A       100%        4
 Irradiate                Conj/Tmut      0%         3d11      100%        5


Dungeon Overview and Level Annotations

Branches:
Dungeon (3/15)

Altars:

Shops:
D:1 ?


Innate Abilities, Weirdness & Mutations

You have a pair of horns on your head.
You reflexively headbutt those who attack you in melee.


Message History

You feel agile. The kobold attacks as you move away!
The kobold hits you but does no damage.
You see here a frilled lizard corpse.
The kobold attacks as you move away! The kobold hits you with a +0 whip.
* * * LOW HITPOINT WARNING * * *
You barely miss the kobold. You block the kobold's attack.
You hit the kobold but do no damage. You headbutt the kobold.
The kobold is severely wounded.
The kobold barely misses you. You furiously retaliate!
You headbutt the kobold.
You kill the kobold!
The gnoll completely misses you.
The gnoll hits you from afar with a +0 spear.
* * * LOW HITPOINT WARNING * * *
You completely miss the gnoll. You headbutt the gnoll!
The gnoll is almost dead.
The gnoll barely misses you. x2
You barely miss the gnoll. Your headbutt misses the gnoll.
The gnoll is almost dead.
The gnoll hits you but does no damage. You block the gnoll's attack.
You hit the gnoll.
You kill the gnoll!
The gnoll hits you but does no damage. x2
The endoplasm jiggles.
The gnoll barely misses you.
Items here: )) ††.
You barely miss the gnoll. You headbutt the gnoll!
The gnoll is severely wounded.
The gnoll hits you with a +0 spear.
* * * LOW HITPOINT WARNING * * *
You hit the gnoll but do no damage.
The gnoll is severely wounded.
You block the gnoll's attack.
You closely miss the gnoll.
The gnoll is severely wounded.
The gnoll barely misses you.
You hit the gnoll.
You kill the gnoll!
The endoplasm freezes you.
You are frozen.
You die...

. .## ... #.#
#.# #g# #)#
#J# #@# #.#
#.# ######
#.#
#....######.#
#.#....#....#
#.#...##.####
#...).##.#
##...)...#


You could see a gnoll and an endoplasm.

Vanquished Creatures
  Robin (D:3)
  3 gnolls (D:3)
  A ball python (D:2)
  4 endoplasms
  13 goblins
  6 hobgoblins
  2 jackals (D:1)
  5 quokkas
  3 bats
  4 frilled lizards
  7 kobolds
  4 rats
53 creatures vanquished.

Notes
Turn   | Place    | Note
-------+----------+-------------------------------------------
     0 | D:1      | Darius099 the Minotaur Fighter began the quest for the Orb.
     0 | D:1      | Reached XP level 1. HP: 19/19 MP: 0/0
   140 | D:1      | Reached XP level 2. HP: 27/27 MP: 1/1
   175 | D:1      | Found Suzidyrch's Magic Scroll Shoppe.
   238 | D:1      | Found a faded altar of an unknown god.
   701 | D:2      | Reached XP level 3. HP: 33/33 MP: 2/2
  1007 | D:3      | Noticed Robin
  1017 | D:3      | Killed Robin
  1141 | D:3      | Reached XP level 4. HP: 9/40 MP: 3/3
  1149 | D:3      | HP: 1/40 [gnoll/+0 spear (3)]
  1152 | D:3      | Frozen to death by an endoplasm

Illustrated notes

Levels and vault maps discovered:
D:1:      nicolae_arrival_washed_ashore, layout_basic,
          ebering_ecumenical_altar_rust, serial_shops,
          nicolae_shop_tiny_real_fake_doors, amethyst_killhole
D:2:      layout_rooms
D:3:      layout_basic, nicolae_overflow_hidden_temple, uniq_crazy_yiuf_cottage,
          uniq_robin

Skill      XL: |  1  2  3 |
---------------+----------+-----
Armour         | 4 |  4.0
Shields        | 4 |  4.0
Fighting       | 4 |  4.0
Axes           | 3 4 |  4.6

Action                     |  1- 3 |  4- 6 || total
---------------------------+-------+-------++-------
  Melee: War axe           |   100 |     9 ||   109
         Headbutt          |    10 |     3 ||    13
 Armour: Scale mail        |    46 |     4 ||    50
  Dodge: Dodged            |    49 |     6 ||    55
  Block: Buckler           |    17 |     3 ||    20

Table legend: (Time is in decaauts)
 A = Elapsed time spent in this place.
 B = Non-inter-level travel time spent in this place.
 C = Inter-level travel time spent in this place.
 D = Time resting spent in this place.
 E = Time spent auto-exploring this place.
 F = Levels seen in this place.
 G = Mean time per level.
                   A        B        C        D        E       F      G
               +--------+--------+--------+--------+--------+-----+--------+
         Total |   1192 |   1134 |     58 |     61 |    771 |   3 |  397.3 |
       Dungeon |   1192 |   1134 |     58 |     61 |    771 |   3 |  397.3 |
               +--------+--------+--------+--------+--------+-----+--------+

Top non-repeatable levels by time:
     D:1: 577 daAuts
     D:2: 411 daAuts
     D:3: 203 daAuts
